 Dungeon Crawl Stone Soup version 0.20.0-9-g8272e65 (webtiles) character file.

507 Kriby the Cleaver (level 7, -4/64 HPs)
             Began as a Hill Orc Fighter on June 3, 2017.
             Was a Follower of Okawaru.
             Slain by Nr616's ghost (11 damage)
             ... on level 4 of the Dungeon.
             The game lasted 00:02:31 (3324 turns).

Kriby the Cleaver (Hill Orc Fighter)                Turns: 3324, Time: 00:02:31

Health: -4/64      AC:  9    Str: 26    XL:     7   Next: 18%
Magic:  16/16      EV:  7    Int:  8    God:    Okawaru [*.....]
Gold:   150        SH:  9    Dex: 10    Spells: 6/6 levels left

rFire    . . .     SeeInvis .   a - +0 war axe
rCold    . . .     Gourm    .   c - +0 shield
rNeg     . . .     Faith    .   b - +0 scale mail
rPois    .         Spirit   .   q - +0 helmet
rElec    .         Reflect  .   (no cloak)
rCorr    .         Harm     .   (no gloves)
MR       .....                  k - +0 pair of boots
Stlth    ..........             (no amulet)
Regen    0.2/turn               g - ring of magical power
MPRegen  0.2/turn               (no ring)

@: mighty
A: no striking features
a: Heroism, Renounce Religion


You were on level 4 of the Dungeon.
You worshipped Okawaru.
Okawaru was aware of your devotion.
You were not hungry.

You visited 1 branch of the dungeon, and saw 4 of its levels.

You collected 150 gold pieces.

Inventory:

Hand Weapons
 a - a +0 war axe (weapon)
Armour
 b - a +0 scale mail (worn)
 c - a +0 shield (worn)
 k - a +0 pair of boots (worn)
 q - a +0 helmet (worn)
Jewellery
 g - a ring of magical power (left hand)
 w - an uncursed ring of protection from cold {unknown}
Scrolls
 e - 2 scrolls of identify {unknown}
 h - a scroll of immolation {unknown}
 i - a scroll of remove curse {unknown}
 j - a scroll of enchant weapon {unknown}
 p - a scroll of fog {unknown}
 u - 2 scrolls of amnesia {unknown}
Potions
 l - 4 potions of lignification {unknown}
 r - a potion of degeneration {unknown}
 s - a potion of flight {unknown}
 v - a potion of curing {unknown}
Books
 n - a book of Necromancy

   Spells                             Type                      Level
   a - Pain                           Necromancy                   1
   b - Animate Skeleton               Necromancy                   1
   c - Vampiric Draining              Necromancy                   3
   d - Regeneration                   Charms/Necromancy            3
   e - Animate Dead                   Necromancy                   4
   f - Control Undead                 Necromancy                   4
 o - a book of Minor Magic

   Spells                             Type                      Level
   a - Magic Dart                     Conjuration                  1
   b - Blink                          Translocation                2
   c - Call Imp                       Summoning                    2
   d - Slow                           Hexes                        2
   e - Conjure Flame                  Conjuration/Fire             3
   f - Mephitic Cloud                 Conjuration/Poison/Air       3
Comestibles
 f - 2 bread rations
 m - a meat ration
 t - a royal jelly
 x - a chunk of flesh
 z - a fruit


   Skills:
 + Level 6.4 Fighting
 * Level 8.1 Axes
 - Level 3.2 Armour
 - Level 3.2 Shields


You had 6 spell levels left.
You didn't know any spells.

Dungeon Overview and Level Annotations

Branches:
Dungeon (4/15)
 Temple: D:4-7

Altars:
Nemelex Xobeh
Okawaru
Xom

Annotations:
D:4 Nr616's ghost, novice MiGl


Message History

Nr616's ghost is lightly damaged.
Nr616's ghost completely misses you.
You slash Nr616's ghost!
Nr616's ghost is lightly damaged.
Nr616's ghost hits you!
* * * LOW HITPOINT WARNING * * *
Your shield prevents you from hitting Nr616's ghost.
Nr616's ghost is lightly damaged.
You block Nr616's ghost's attack. Nr616's ghost barely misses you.
You feel very mighty all of a sudden. Nr616's ghost hits you!
* * * LOW HITPOINT WARNING * * *
You miss Nr616's ghost.
Nr616's ghost is lightly damaged.
Nr616's ghost hits you.
* * * LOW HITPOINT WARNING * * *
You closely miss Nr616's ghost.
Nr616's ghost is lightly damaged.
Nr616's ghost hits you!
You die...

#........ #....... #.......
#...... #...... +.....#
######...)W# #.(.......@#
+..........#
#####+#..........################
.................................
..............................)..
............#####.............)..
............# #...........(.(..
............# #.........((.....
............# ##'##############


You could see Nr616's ghost.

Vanquished Creatures
  An ogre (D:4)
  A centaur (D:4)
  5 crimson imps
  An orc priest (D:4)
  2 gnolls (D:2)
  2 adders
  An adder skeleton (D:4)
  5 worms
  2 dart slugs (D:1)
  A leopard gecko (D:1)
  10 orcs
  4 giant cockroaches
  8 goblins
  8 hobgoblins
  6 jackals
  11 kobolds
  A quokka (D:2)
  4 bats
  5 frilled lizards
  3 rats
81 creatures vanquished.

Vanquished Creatures (others)
  5 toadstools (D:1)
5 creatures vanquished.

Grand Total: 86 creatures vanquished

Notes
Turn   | Place    | Note
-------+----------+-------------------------------------------
     0 | D:1      | Kriby the Hill Orc Fighter began the quest for the Orb.
     0 | D:1      | Reached XP level 1. HP: 19/19 MP: 1/1
    21 | D:1      | Reached skill level 3 in Axes
   134 | D:1      | Reached XP level 2. HP: 27/27 MP: 2/2
   864 | D:2      | Reached XP level 3. HP: 27/33 MP: 3/3
  1284 | D:2      | Reached skill level 4 in Axes
  1639 | D:2      | Found a sparkling altar of Nemelex Xobeh.
  1732 | D:2      | Found an iron altar of Okawaru.
  1736 | D:2      | Reached XP level 4. HP: 36/41 MP: 4/4
  1747 | D:2      | Reached skill level 5 in Axes
  1756 | D:2      | Became a worshipper of Warmaster Okawaru
  2180 | D:3      | Found a shimmering altar of Xom.
  2197 | D:3      | Reached skill level 5 in Fighting
  2197 | D:3      | Reached XP level 5. HP: 45/48 MP: 5/5
  2219 | D:3      | Reached skill level 6 in Axes
  2490 | D:3      | Reached XP level 6. HP: 56/56 MP: 6/6
  3018 | D:4      | Reached * piety under Okawaru
  3018 | D:4      | Reached skill level 7 in Axes
  3310 | D:4      | Noticed Nr616's ghost (novice MiGl)
  3318 | D:4      | Reached skill level 8 in Axes
  3318 | D:4      | Reached XP level 7. HP: 27/64 MP: 7/7
  3324 | D:4      | Slain by Nr616's ghost

Skill      XL: |  1  2  3  4  5  6 |
---------------+-------------------+-----
Axes           | 3 4 5 6 8 |  8.1
Fighting       | 4 5 6 |  6.4
Armour         | |  3.2
Shields        | |  3.2

Action                   |  1- 3 |  4- 6 |  7- 9 || total
-------------------------+-------+-------+-------++-------
Melee: War axe           |   133 |   165 |     5 ||   303
  Use: Potion            |       |       |     1 ||     1
  Eat: Chunk             |     3 |     5 |       ||     8
Armor: Scale mail        |    61 |    91 |       ||   152
Dodge: Dodged            |    44 |    40 |     2 ||    86
Block: Shield            |    67 |    79 |     2 ||   148
